 Dungeon Crawl Stone Soup version bcrawl-1.20.1-3-gdcb1fc31ed (webtiles) character file.

Game seed: 12356518366994641133

28 MisterOstroum the Skirmisher (level 3, 0/30 HPs)
             Began as an Oni Skald on Feb 2, 2020.
             Slain by a hobgoblin (2 damage)
             ... on level 2 of the Dungeon.
             The game lasted 00:01:42 (1727 turns).

MisterOstroum the Skirmisher (Oni Skald)            Turns: 1727, Time: 00:01:43

Health: 0/30       AC:  3    Str: 15    XL:     3   Next: 14%
Magic:  7/7        EV: 11    Int: 14    God:
Gold:   57         SH:  0    Dex: 10    Spells: 0/5 levels left

rFire    . . .     SeeInvis .   a - +0 hand axe
rCold    . . .     Gourm    .   (no shield)
rNeg     . . .     Faith    .   b - +0 leather armour
rPois    .         Spirit   .   (helmet restricted)
rElec    .         Reflect  .   (no cloak)
rCorr    .         Harm     .   (no gloves)
MR       .....                  (no boots)
Stlth    +.........             (no amulet)
HPRegen  0.10/turn              (no ring)
MPRegen  0.10/turn              (no ring)

@: no status effects
A: oni magic, claws 1, fangs 1, horns 1
a: no special abilities


You were on level 2 of the Dungeon.
You were near starving.

You visited 1 branch of the dungeon, and saw 2 of its levels.

You collected 57 gold pieces.

Inventory:

Hand Weapons
 a - a +0 hand axe (weapon)
Missiles
 g - 382 stones (quivered)
Armour
 b - a +0 leather armour (worn)
 o - a cursed +0 leather armour
Jewellery
 k - an uncursed amulet of faith {unknown}
Scrolls
 c - a scroll of enchant armour {unknown}
 d - a scroll of fear {!r}
 j - 2 scrolls of noise {unknown}
 l - a scroll of immolation {unknown}
 m - a scroll of teleportation {unknown}
 n - a scroll of remove curse {unknown}
Potions
 f - a potion of ambrosia {unknown}
 i - a potion of resistance {unknown}
 p - a potion of heal wounds {unknown}
Comestibles
 e - 2 rations {!d}


   Skills:
 * Level 2.7 Fighting
 * Level 2.6 Axes
 - Level 0.8 Armour
 - Level 1.7 Dodging
 + Level 1.6 Spellcasting
   Level 1.6 Conjurations
   Level 1.6 Hexes
   Level 1.6 Charms
   Level 1.6 Summonings
   Level 1.6 Necromancy
   Level 1.6 Translocations
   Level 1.6 Transmutations
   Level 1.6 Fire Magic
   Level 1.6 Ice Magic
   Level 1.6 Air Magic
   Level 1.6 Earth Magic
   Level 1.6 Poison Magic


You couldn't memorise any spells.
You knew the following spells:

 Your Spells              Type           Power        Failure   Level  Hunger
a - Infusion              Chrm           #.......     14%         1    ##.....
b - Beastly Appendage     Tmut           #.....       14%         1    ##.....
c - Spectral Weapon       Hex/Chrm       #.......     43%         3    ####...

Your spell library contained the following spells:

 Spells                   Type           Power        Failure   Level  Hunger
 Song of Slaying          Chrm           #.......     22%         2    ###....
 Ozocubu's Armour         Chrm/Ice       #.......     43%         3    ####...
 Regeneration             Chrm/Necr      #.........   43%         3    ####...


Dungeon Overview and Level Annotations

Branches:
Dungeon (2/12)

Altars:


Innate Abilities, Weirdness & Mutations

You learn spells by gaining experience, not through books or religion.
You only train spellcasting to practice magic.
You have sharp fingernails.
You have very sharp teeth.
You have a pair of small horns on your head.


Message History

An iguana, a goblin and a kobold come into view.
The iguana hisses angrily.
Found a ring mail.
There is a stone staircase leading up here.
(D) Dungeon
Where to? (Enter - D:2, ? - help)
Okay, then.
Casting: Beastly Appendage (safe; 14% risk of failure)
Confirm with . or Enter, or press ? or * to list all spells.
Okay, then.
You climb upwards.
There is a stone staircase leading down here.
You see here a +0 club.
There is a stone staircase leading down here.
You climb downwards.
There is a stone staircase leading up here.
This spell is slightly dangerous to cast.
Memorise Spectral Weapon, consuming 3 spell levels and leaving 0?
You start memorising the spell.
You continue memorising. x3
You finish memorising.
Spell assigned to 'c'.
Adjust (i)tems, (s)pells, or (a)bilities?
Adjust which spell? c - Spectral Weapon Adjust to which letter?
Okay, then.
Found a stone staircase leading down.
Found a stone staircase leading down.
j - 2 scrolls labeled EDOUSICZIU (gained 1)
A rat comes into view.
A rat is nearby!
A quokka and a gnoll come into view.
The gnoll shouts!
The iguana hisses angrily.
A rat comes into view.
The rat bites you but does no damage.
Found a stone staircase leading down.
You hit the rat but do no damage. The rat barely misses you.
You hit the quokka. You headbutt the quokka.
The quokka is almost dead.
You closely miss the rat. The quokka bites you. The rat barely misses you.
The quokka bites you.
You closely miss the quokka.
The goblin shouts!
Your headbutt misses the quokka.
The quokka is severely wounded.
You closely miss the rat. The rat barely misses you. The quokka bites you.
The gnoll hits you with a +0 whip.
You closely miss the quokka. You headbutt the quokka.
You kill the quokka!
You hit the rat.
You kill the rat!
You hit the gnoll but do no damage. The gnoll hits you with a +0 whip.
You are too injured to fight recklessly!
You are too injured to fight recklessly!
You are too injured to fight recklessly!
You are too injured to fight recklessly!
You are too injured to fight recklessly!
You are too injured to fight recklessly!
You are too injured to fight recklessly!
The gnoll closely misses you.
You miss the goblin. You hit the iguana.
The iguana bites you but does no damage.
The goblin hits you but does no damage. The goblin barely misses you.
You hit the gnoll.
The gnoll is moderately wounded.
You barely miss the goblin. You hit the iguana.
The iguana completely misses you. The gnoll closely misses you.
The goblin closely misses you. The gnoll hits you with a +0 whip.
The goblin hits you. The gnoll hits you with a +0 whip.
The gnoll closely misses you. The iguana bites you!
* * * LOW HITPOINT WARNING * * *
Press: ? - help, v - describe, . - travel
Here: an iguana (lightly wounded)
The floor.
Found 104 stones.
Found a scroll labeled XUVUOC LITS.
Found 13 gold pieces.
A dart slug comes into view.
You see here 13 gold pieces.
The iguana barely misses you. The dart slug barely misses you.
The dart slug closely misses you. The dart slug launches a dart at you.
The slug dart misses you.
A hobgoblin comes into view.
The hobgoblin shouts!
The hobgoblin hits you.
* * * LOW HITPOINT WARNING * * *
The hobgoblin barely misses you. The hobgoblin hits you.
* * * LOW HITPOINT WARNING * * *
You hit the hobgoblin.
The hobgoblin is severely wounded.
The hobgoblin hits you but does no damage.
The iguana bites you but does no damage.
You are near starving!
The hobgoblin hits you.
You die...

################
#.......w.r....#
#......g.g.....#
#..#g########..# #
#..lg@...#..#
########.#..# #..#
#g.# #..# #r.# #
#.##
###.#.#.########$#
....#........g...#


You could see an iguana, a gnoll and a hobgoblin.

Vanquished Creatures
  A worm (D:2)
  A dart slug (D:1)
  2 leopard geckos
  3 bats
  3 goblins (D:1)
  5 hobgoblins (D:1)
  A quokka (D:2)
  A ball python (D:2)
  2 rats
19 creatures vanquished.

Notes
Turn   | Place    | Note
-------+----------+-------------------------------------------
     0 | D:1      | MisterOstroum the Oni Skald began the quest for the Orb.
     0 | D:1      | Reached XP level 1. HP: 17/17 MP: 4/4
   386 | D:1      | Reached XP level 2. HP: 23/24 MP: 6/6
   682 | D:1      | Learned a level 1 spell: Beastly Appendage
  1015 | D:2      | Reached XP level 3. HP: 22/30 MP: 2/7
  1634 | D:2      | Learned a level 3 spell: Spectral Weapon
  1680 | D:2      | HP: 1/30 [iguana (9)]
  1716 | D:2      | HP: 1/30 [hobgoblin (3)]
  1727 | D:2      | Slain by a hobgoblin

Action                   || total
-------------------------++-------
Melee: Hand axe          ||    59
       Headbutt          ||     6
       Bite              ||     5
 Cast: Infusion          ||     2
  Eat: Chunk             ||     1
Armor: Leather armour    ||    18
Dodge: Dodged            ||    46
